 Dungeon Crawl Stone Soup version 0.29.1-15-g9cfb28693d (webtiles) character file.

Game seed: 12548299210113160541

143119 LaPetiteMort the Brawler (level 16, -19/153 HPs)
             Began as a Troll Cinder Acolyte on Apr 28, 2023.
             Was an Initiate of Ignis.
             Killed from afar by a nagaraja (25 damage)
             ... with a poison arrow
             ... on level 3 of the Snake Pit on May 1, 2023.
             The game lasted 01:57:45 (33253 turns).

LaPetiteMort the Brawler (Troll Cinder Acolyte)    Turns: 33253, Time: 01:57:46

Health: -19/153    AC: 22    Str: 26    XL:     16   Next: 82%
Magic:  16/16      EV: 17    Int:  8    God:    Ignis [......]
Gold:   2871       SH: 11    Dex: 23    Spells: 17/17 levels left

rFire   + . .      SeeInvis .     - Unarmed
rCold   . . .      Faith    .   U - +0 kite shield {AC+3}
rNeg    . . .      Spirit   .   O - +0 troll leather armour
rPois   +          Reflect  .   (helmet restricted)
rElec   .          Harm     .   B - +0 cloak {rPois}
rCorr   .          Rampage  .   (gloves unavailable)
Will    +++..      NoTele   +   (boots unavailable)
Stlth   ++........              (no amulet)
HPRegen 1.95/turn               f - ring "Emihour" {Will++ Dex+6}
MPRegen 0.15/turn               T - +4 ring of protection

@: lethally poisoned (-19 -> -47), untranslocatable, fiery-armoured,
constricted, studying Translocations
A: large, unfitting armour, claws 3, regeneration 1, shaggy fur 1, tough skin 1,
talons 1, agile 2, sturdy frame 1, noise suppression
a: Renounce Religion


You were on level 3 of the Snake Pit.
You worshipped Ignis.
Ignis was noncommittal.
You visited 6 branches of the dungeon, and saw 29 of its levels.
You visited 1 bazaar.
You also visited: Sewer, Bailey and Volcano.

You collected 4261 gold pieces.
You spent 1390 gold pieces at shops.

Inventory:

Hand Weapons
 D - the +7 staff of the Meek {protect, meekguard}
   (You found it on level 8 of the Dungeon)

   It grants its wielder temporary protection when it strikes (+7 to AC).
   It provides extra protection to wielders with little health.
Missiles
 d - 42 poisoned darts
 h - 8 boomerangs
 j - 7 javelins
 v - 2 curare-tipped darts
 E - 28 large rocks (quivered)
Armour
 B - a +0 cloak of poison resistance (worn)
 O - a +0 troll leather armour (worn)
 S - a +1 cloak of willpower
 U - a +0 kite shield of protection (worn)
Jewellery
 c - a ring of resist corrosion
 f - the ring "Emihour" (left claw) {Will++ Dex+6}
   (You took it off a skeletal warrior on level 14 of the Dungeon)

   [ring of dexterity]

   Dex:       It affects your dexterity (+6).
   Will:      It greatly increases your willpower.
 C - a ring of willpower
 F - a ring of willpower
 L - a ring of ice
 T - a +4 ring of protection (right claw)
 V - a +4 ring of evasion
 W - a ring of see invisible
Wands
 a - a wand of quicksilver (11)
 n - a wand of roots (13)
 s - a wand of charming (14)
 y - a wand of mindburst (11)
 A - a wand of flame (14)
 M - a wand of digging (6)
Scrolls
 b - a scroll of blinking
 i - 3 scrolls of silence
 t - a scroll of poison
 w - 3 scrolls of teleportation
 z - a scroll of enchant weapon
 N - 4 scrolls of enchant armour
 P - 2 scrolls of fear
 Q - 2 scrolls of butterflies
 R - a scroll of amnesia
Potions
 e - 6 potions of invisibility
 g - 12 potions of curing
 k - 5 potions of ambrosia
 l - 8 potions of lignification {unknown}
 m - 7 potions of haste
 o - 5 potions of berserk rage
 p - 5 potions of mutation
 q - 7 potions of heal wounds
 r - 2 potions of might
 u - 4 potions of magic
 x - 3 potions of cancellation
 G - 2 potions of attraction {unknown}
 H - 4 potions of brilliance {unknown}
 I - 4 potions of flight {unknown}
 J - 3 potions of resistance
 K - 2 potions of experience {unknown}


   Skills:
 + Level 8.3 Fighting
 - Level 12.0 Throwing
 - Level 5.0 Armour
 - Level 15.0 Dodging
 - Level 7.0 Shields
 - Level 18.0 Unarmed Combat
 - Level 1.0 Spellcasting
 - Level 2.1 Fire Magic


You had 17 spell levels left.
You didn't know any spells.
Your spell library contained the following spells:

 Spells                   Type           Power      Damage    Failure   Level
 Scorch                   Fire           6%         2d5       45%         2
 Shock                    Conj/Air       0%         1d3       63%         1
 Slow                     Hex            0%         N/A       63%         1
 Sting                    Tmut/Pois      0%         1d3       63%         1
 Blink                    Tloc           0%         N/A       77%         2
 Ensorcelled Hibernation  Hex/Ice        0%         N/A       77%         2
 Poisonous Vapours        Pois/Air       0%         N/A       77%         2
 Confusing Touch          Hex            0%         N/A       94%         3
 Frozen Ramparts          Ice            0%         1d1       94%         3
 Portal Projectile        Hex/Tloc       0%         N/A       94%         3
 Spider Form              Tmut/Pois      0%         N/A       94%         3
 Swiftness                Air            0%         N/A       94%         3
 Tukima's Dance           Hex            0%         N/A       94%         3
 Vampiric Draining        Necr           0%         2d6       94%         3
 Airstrike                Air            0%         2d(0-16)  100%        4
 Anguish                  Hex/Necr       0%         N/A       100%        4
 Hailstorm                Conj/Ice       0%         3d3       100%        4
 Ice Form                 Ice/Tmut       0%         N/A       100%        4
 Olgreb's Toxic Radiance  Pois           0%         N/A       100%        4
 Passage of Golubria      Tloc           0%         N/A       100%        4
 Summon Ice Beast         Ice/Summ       0%         N/A       100%        4
 Blade Hands              Tmut           0%         N/A       100%        5
 Fireball                 Conj/Fire      1%         3d3       100%        5
 Manifold Assault         Tloc           0%         N/A       100%        5
 Summon Mana Viper        Hex/Summ       0%         N/A       100%        5
 Yara's Violent Unravell  Hex/Tmut       0%         3d3       100%        5
 Simulacrum               Ice/Necr       0%         N/A       100%        6
 Starburst                Conj/Fire      1%         6d3       100%        6
 Enfeeble                 Hex            0%         N/A       100%        7
 Monstrous Menagerie      Summ           0%         N/A       100%        7
 Storm Form               Tmut/Air       0%         N/A       100%        7
 Ignition                 Fire           1%         3d3       100%        8


Dungeon Overview and Level Annotations

Branches:
Dungeon (15/15)            Temple (1/1) D:6            Lair (5/5) D:8
 Shoals (0/4) Lair:3        Snake (3/4) Lair:2        Slime (3/5) Lair:4
    Orc (2/2) D:11            Elf (0/3) Orc:2        Vaults (0/5) D:14
 Depths (0/4) D:15          Sewer (visited)          Bailey (visited)
Volcano (visited)

Altars:
Ashenzari
Cheibriados
Dithmenos
Elyvilon
Fedhas
Gozag
Hepliaklqana
Kikubaaqudgha
Makhleb
Nemelex Xobeh
Okawaru
Qazlal
Ru
Sif Muna
Trog
Uskayaw
Vehumet
Wu Jian
Xom
Yredelemnul
Zin
The Shining One
Lugonu

Shops:
D:1 =[!   D:2 (   D:8 (   D:13 [   Orc:2 !=[(   Snake:2 (   Snake:3 ((

Portals:
Abyss: Lair:5

Annotations:
D:3 Eustachio
D:7 1 runed translucent door, diceflayer's ghost, novice DsHu
Lair:4 hydra !, exclusion: 2 downstairs
Snake:1 nicola !, Aizul; Nikola


Innate Abilities, Weirdness & Mutations

You are too large for most types of armour.
You have claws for hands.
Your natural rate of healing is unusually fast.
You are covered in fur. (AC +1)
You have tough skin. (AC +1)
You have sharp toenails.
You are very agile. (Dex +8, Str/Int -2)
Your movements are slightly less encumbered by armour. (ER -2)
You passively dampen the noise of your surroundings.


Message History

The splash of poison misses you.
The splash of poison hits the guardian serpent.
The nagaraja hits you but does no damage.
The nagaraja constricts you.
* * * LOW HITPOINT WARNING * * *
The guardian serpent barely misses you. You block the naga mage's attack.
The guardian serpent shouts!
You feel much better.
You feel extremely sick.
The guardian serpent hits you but does no damage.
The guardian serpent is burned by your cloak of flames.
The guardian serpent is moderately wounded.
The nagaraja spits poison at you. The splash of poison hits you.
You are more poisoned.
You resist.
* * * LOW HITPOINT WARNING * * *
The naga mage spits poison at you. The splash of poison hits you.
You are more poisoned.
You resist.
* * * LOW HITPOINT WARNING * * *
The guardian serpent misses you.
You block the guardian serpent's attack.
You block the nagaraja's attack. The nagaraja casts a spell at you.
The poison arrow misses you. The nagaraja constricts you.
You cannot blink because you are locked down by a dimension anchor.
Okay, then.
As you read the scroll of fear, it crumbles to dust.
You assume a fearsome visage.
The nagaraja looks frightened!
The nagaraja resists with almost no effort. x2
The guardian serpent looks frightened! x2; The naga mage looks frightened!
* * * LOW HITPOINT WARNING * * *
You feel extremely sick. The nagaraja casts a spell at you.
The poison arrow hits you!!
You are more poisoned.
You partially resist.
You die...

..#...###..≈..S≈..##.#
#....#
#......##.(≈≈.≈≈..#..#
#....#
###....###..≈~≈..##..#
#....# #.....##.......#..##
#...## ###....###.....##..#
##...# #.......##.....#..##
#....# #........#.....#..#
#..(.#
##........#...)N#..##
#.†..#
#..###....#....S@N..###
#....# #..#
##...####.NNS....## #....#
...## ###.#
#...÷)....###...## ....##
### #..............##
.....# #.............##
.....# ###............##
.....#######............###
..#####...............###
...###....)..).......##


You could see 3 nagarajas, 2 guardian serpents and a naga mage (fast, fleeing,
catching breath).

Vanquished Creatures
  Frances (D:14)
  An azure jelly (Slime:2)
  A nagaraja (Snake:3)
  An ironbound preserver (D:14)
  Snorg (D:14)
  A fire dragon (D:14)
  Fannar (Lair:2)
  Josephine (D:13)
  6 hydras
  2 ogre magi (Orc:2)
  5 boulder beetles
  2 anacondas
  7 naga warriors
  4 two-headed ogres
  4 death yaks (Lair:4)
  9 centaur warriors
  A titan zombie (D:15)
  3 tengu warriors
  2 thrashing horrors (Lair:5)
  6 naga sharpshooters
  2 shock serpents
  A fire crab (D:14)
  7 skeletal warriors
  2 salamander mystics
  4 naga ritualists
  A lindwurm (Lair:5)
  A lindwurm (shapeshifter) (D:13)
  An anaconda skeleton (Volcano)
  A phantasmal warrior (D:15)
  A harpy (D:14)
  A necromancer (D:15)
  6 mana vipers
  5 deep elf pyromancers
  2 stone giant zombies (D:15)
  A frost giant zombie (D:15)
  A wolf spider (D:14)
  14 ugly things
  8 orc sorcerers (Orc:2)
  A shining eye (Slime:1)
  2 manticores
  A faun (shapeshifter) (Lair:5)
  4 salamanders
  8 cyclopes
  3 merfolk sirens (Lair:3)
  26 elephants
  2 guardian serpents
  12 naga magi
  33 black mambas
  A smoke demon (Lair:5)
  14 cane toads
  7 gargoyles
  A rime drake (Lair:5)
  An unseen horror (D:13)
  2 kobold demonologists
  A yaktaur (shapeshifter) (D:13)
  9 komodo dragons
  3 efreet
  7 trolls
  2 ancient zymes (Lair:5)
  A merfolk (Lair:3)
  2 harpy skeletons (Volcano)
  A hornet (D:9)
  Prince Ribbit (D:6)
  29 blink frogs
  11 slime creatures
  A raiju (shapeshifter) (Lair:5)
  Sigmund (D:6)
  3 alligator skeletons (Volcano)
  3 flying skulls (Volcano)
  A centaur simulacrum (D:14)
  47 yaks
  A water elemental (D:12)
  6 wyverns
  2 spriggans (Lair:5)
  3 wraiths
  2 large abominations (Lair:5)
  5 basilisks
  2 ynoxinuls (Lair:5)
  A redback (D:14)
  3 steam dragons
  3 chaos spawn (Lair:5)
  7 vampire mosquitoes
  24 nagas
  A warg (Orc:2)
  3 acid dragons
  10 water moccasins
  13 orc warriors
  A sky beast (D:8)
  5 ice beasts
  43 wolves
  9 ogres
  12 centaurs
  3 phantoms
  4 kobold brigands
  12 small abominations (Lair:5)
  Blork the orc (D:4)
  10 bullfrogs
  A gnoll sergeant (D:8)
  A necrophage (D:6)
  9 wights
  21 killer bees
  2 troll skeletons (Volcano)
  11 electric eels
  3 howler monkeys
  A spriggan skeleton (Volcano)
  4 hounds
  3 jellies
  12 orc priests
  Jessica (D:3)
  4 iguanas
  31 orc wizards
  2 naga skeletons (Volcano)
  10 gnolls
  6 adders
  A shadow imp (D:6)
  3 white imps
  2 ufetubi (D:6)
  3 worms
  5 dart slugs
  60 orcs
  6 endoplasms
  2 giant cockroaches
  3 goblins
  8 hobgoblins
  2 quokkas
  7 ball pythons
  8 bats
  8 frilled lizards
  15 kobolds
  6 rats
  A butterfly (D:6)
807 creatures vanquished.

Vanquished Creatures (collateral kills)
  A yak (D:8)
  3 gnolls (Bailey)
4 creatures vanquished.

Vanquished Creatures (others)
  A yak (D:8)
  An orc wizard (D:14)
  A gnoll (D:8)
  3 bushes
  70 foxfires
  22 fungi
  42 plants
140 creatures vanquished.

Grand Total: 951 creatures vanquished

Notes
Turn   | Place    | Note
-------+----------+-------------------------------------------
     0 | D:1      | LaPetiteMort the Troll Cinder Acolyte began the quest for
                  | the Orb.
     0 | D:1      | Reached XP level 1. HP: 22/22 MP: 1/1
    52 | D:1      | Found Zovvoz's Armour Shop.
    75 | D:1      | Reached XP level 2. HP: 29/29 MP: 2/2
   101 | D:1      | Found Raesoumy's Jewellery Shop.
   165 | D:1      | Found Saklog's Distillery.
   979 | D:2      | Reached XP level 3. HP: 37/37 MP: 3/3
   980 | D:2      | Found Sith's Antique Weapon Shoppe.
  1179 | D:2      | Reached skill level 4 in Unarmed Combat
  1184 | D:2      | Reached XP level 4. HP: 43/45 MP: 4/4
  1235 | D:2      | Found a glowing silver altar of Zin.
  1532 | D:2      | Found a faded altar of an unknown god.
  1891 | D:3      | Noticed Jessica
  1898 | D:3      | Killed Jessica
  1953 | D:3      | Found a hide-covered altar of Uskayaw.
  2057 | D:3      | Found a broken altar of Ashenzari.
  2465 | D:3      | Reached XP level 5. HP: 52/54 MP: 5/5
  2639 | D:4      | Noticed Eustachio
  2701 | D:4      | Found a shadowy altar of Dithmenos.
  2702 | D:4      | Found a sacrificial altar of Ru.
  2705 | D:4      | Found a shimmering blue altar of Sif Muna.
  2705 | D:4      | Found an ornate altar of the Wu Jian Council.
  3011 | D:4      | Noticed a phantom
  3081 | D:4      | Killed a phantom
  3082 | D:4      | Reached skill level 5 in Unarmed Combat
  3082 | D:4      | Reached XP level 6. HP: 41/63 MP: 6/6
  3482 | D:4      | Found an ancient bone altar of Kikubaaqudgha.
  3483 | D:4      | Found an opulent altar of Gozag.
  3496 | D:4      | Found an iron altar of Okawaru.
  3775 | D:4      | Found a sparkling altar of Nemelex Xobeh.
  3830 | D:5      | Entered Level 5 of the Dungeon
  3941 | D:5      | Noticed Blork the orc
  3956 | D:5      | Noticed an ice beast
  3965 | D:4      | Killed Blork the orc
  3966 | D:4      | Reached skill level 5 in Fighting
  3966 | D:4      | Reached skill level 6 in Unarmed Combat
  4052 | D:5      | Noticed an ice beast
  4061 | D:5      | Killed an ice beast
  4062 | D:5      | Reached XP level 7. HP: 54/72 MP: 7/7
  4518 | D:5      | Identified a scroll of acquirement
  4518 | D:5      | Acquired 967 gold pieces
  4654 | D:5      | Reached skill level 7 in Unarmed Combat
  4748 | D:5      | Found a white marble altar of Elyvilon.
  4874 | D:6      | Noticed Prince Ribbit
  4878 | D:6      | Killed Prince Ribbit
  4879 | D:6      | Reached XP level 8. HP: 69/83 MP: 8/8
  4974 | D:6      | Noticed Sigmund
  4979 | D:6      | Killed Sigmund
  4980 | D:6      | Reached skill level 8 in Unarmed Combat
  5013 | D:6      | Found a shimmering altar of Xom.
  5073 | D:6      | Found a staircase to the Ecumenical Temple.
  5135 | D:6      | Reached skill level 9 in Unarmed Combat
  5305 | D:6      | Found a glowing drain.
  5316 | Sewer    | Entered a sewer
  5421 | Sewer    | Reached skill level 1 in Dodging
  6130 | Temple   | Entered the Ecumenical Temple
  6295 | D:1      | Bought a +0 kite shield for 54 gold pieces
  6529 | D:7      | Reached skill level 1 in Shields
  6559 | D:7      | Reached XP level 9. HP: 72/89 MP: 9/9
  6767 | D:7      | Found a bloodstained altar of Trog.
  6951 | D:7      | Found a runed translucent door.
  6951 | D:7      | Noticed diceflayer's ghost (novice DsHu)
  6956 | D:7      | Noticed a cyclops
  7533 | D:8      | Noticed a troll
  7536 | D:8      | Reached skill level 10 in Unarmed Combat
  7568 | D:8      | Killed a troll
  7636 | D:8      | Found a staircase to the Lair.
  7646 | D:8      | Found the +7 staff of the Meek {protect, meekguard}
  7829 | D:8      | Noticed a centaur warrior
  7841 | D:8      | Reached skill level 5 in Shields
  7841 | D:8      | Reached skill level 11 in Unarmed Combat
  7846 | D:8      | Killed a centaur warrior
  7847 | D:8      | Reached XP level 10. HP: 73/98 MP: 10/10
  7878 | D:8      | Reached skill level 12 in Unarmed Combat
  8002 | D:8      | Noticed a deep elf pyromancer
  8016 | D:8      | Killed a deep elf pyromancer
  8083 | D:8      | Noticed a centaur warrior
  8095 | D:8      | Killed a centaur warrior
  8096 | D:8      | Reached skill level 13 in Unarmed Combat
  8312 | D:8      | Found Eheloim's Weapon Shoppe.
  8313 | D:8      | Noticed a cyclops
  8365 | D:8      | Killed a cyclops
  8634 | D:8      | Reached skill level 1 in Throwing
  8931 | D:9      | Reached XP level 11. HP: 66/105 MP: 11/11
  9256 | D:9      | Found a glowing golden altar of the Shining One.
  9355 | D:9      | Found a radiant altar of Vehumet.
  9451 | D:9      | Noticed a two-headed ogre
  9455 | D:9      | Killed a two-headed ogre
  9482 | D:9      | Reached skill level 14 in Unarmed Combat
  9654 | D:10     | Entered Level 10 of the Dungeon
  9655 | D:10     | Acquired a manual of Translocations
  9831 | D:10     | Found a flagged portal.
  9851 | Bailey   | Entered a bailey
  9986 | Bailey   | Reached skill level 5 in Throwing
 10323 | D:10     | Noticed a tengu warrior
 10324 | D:10     | Noticed a tengu warrior
 10345 | D:9      | Killed a tengu warrior
 10500 | D:10     | Noticed a two-headed ogre
 10502 | D:10     | Killed a two-headed ogre
 10516 | D:10     | Noticed a two-headed ogre
 10519 | D:10     | Killed a two-headed ogre
 11208 | D:11     | Found a staircase to the Orcish Mines.
 11288 | D:11     | Reached skill level 1 in Armour
 11468 | D:11     | Noticed a sixfirhy
 11476 | D:11     | Reached XP level 12. HP: 114/114 MP: 12/12
 12082 | D:12     | Noticed a seven-headed hydra
 12214 | Lair:1   | Entered Level 1 of the Lair of Beasts
 12554 | Lair:1   | Noticed a seven-headed hydra
 12562 | Lair:1   | Killed a seven-headed hydra
 12858 | Lair:1   | Found a dark tunnel.
 12867 | Volcano  | Entered a volcano
 13066 | Volcano  | Reached skill level 5 in Dodging
 13213 | Volcano  | Reached skill level 15 in Unarmed Combat
 13853 | Lair:1   | Reached skill level 5 in Armour
 14086 | Lair:2   | Noticed Fannar
 14148 | Lair:1   | Reached XP level 13. HP: 50/120 MP: 13/13
 14546 | Lair:2   | Killed Fannar
 14870 | Lair:2   | Found a staircase to the Snake Pit.
 15724 | Lair:3   | Reached skill level 10 in Throwing
 15846 | Lair:3   | Reached skill level 16 in Unarmed Combat
 16191 | Lair:3   | Found a staircase to the Shoals.
 16952 | Lair:4   | Found a staircase to the Slime Pits.
 17085 | Lair:4   | Reached XP level 14. HP: 75/130 MP: 14/14
 17196 | Lair:4   | Identified the +0 ring mail of the Snake Pit {SInv Stlth+}
 17809 | Lair:5   | Entered Level 5 of the Lair of Beasts
 18989 | Lair:4   | Reached skill level 17 in Unarmed Combat
 20113 | D:1      | Bought a ring of willpower for 250 gold pieces
 20473 | Orc:1    | Entered Level 1 of the Orcish Mines
 20630 | Orc:2    | Entered Level 2 of the Orcish Mines
 20630 | Orc:2    | Found a staircase to the Elven Halls.
 20936 | Orc:2    | Found a gateway to a bazaar.
 20989 | Bazaar   | Entered a bazaar
 20993 | Bazaar   | Found Kiekk's Antique Weapon Boutique.
 21011 | Bazaar   | Found Ysoun's Antique Weapon Emporium.
 21028 | Bazaar   | Found Puxeludgh's Book Boutique.
 21045 | Bazaar   | Found Numug's Magic Scroll Shoppe.
 21079 | Bazaar   | Bought a scroll of silence for 142 gold pieces
 21079 | Bazaar   | Bought a scroll of teleportation for 45 gold pieces
 21079 | Bazaar   | Bought 2 scrolls of enchant armour for 225 gold pieces
 22261 | Orc:2    | Found Rocra's Antique Weapon Shoppe.
 22278 | Orc:2    | Found Cozxaz's Antique Armour Emporium.
 22320 | Orc:2    | Found an ancient bone altar of Kikubaaqudgha.
 22377 | Orc:2    | Found Osuzaona's Jewellery Emporium.
 22524 | Orc:2    | Found a radiant altar of Vehumet.
 22594 | Orc:2    | Found Qarufo's Distillery.
 22686 | Orc:2    | Paralysed by something for 5 turns
 22731 | Orc:2    | Bought a potion of berserk rage for 70 gold pieces
 22731 | Orc:2    | Bought 2 potions of resistance for 280 gold pieces
 24495 | Lair:5   | Reached XP level 15. HP: 136/136 MP: 15/15
 24575 | Lair:5   | Identified the +1 robe "Voshevam" {rF+}
 24669 | Lair:5   | Found a corrupted altar of Lugonu.
 24669 | Lair:5   | Found a one-way gate to the infinite horrors of the Abyss.
 24802 | Slime:1  | Entered Level 1 of the Pits of Slime
 24808 | Slime:1  | Gained mutation: You are weak. (Str -2) [a shining eye]
 24977 | D:10     | Reached skill level 18 in Unarmed Combat
 25625 | D:12     | You fall into a shaft and drop 2 floors!
 26231 | D:13     | Identified the +8 mace of the First Youths {venom, rN+}
 26385 | D:13     | Found Vaor's Armour Shoppe.
 26392 | D:13     | Bought a +1 cloak of willpower for 214 gold pieces
 26416 | D:13     | Noticed Josephine
 26531 | D:12     | Reached skill level 10 in Dodging
 26561 | D:13     | Killed Josephine
 26685 | D:13     | Found a blossoming altar of Fedhas.
 27258 | D:14     | Noticed Snorg
 27270 | D:14     | Killed Snorg
 27386 | D:14     | Found a gate to the Vaults.
 28446 | D:14     | Noticed Frances
 28453 | D:14     | Killed Frances
 28602 | D:14     | Found a hazy altar of Hepliaklqana.
 28647 | D:14     | Identified the ring "Emihour" {Will++ Dex+6}
 28717 | D:15     | Entered Level 15 of the Dungeon
 28780 | D:15     | Found a staircase to the Depths.
 29298 | D:15     | Reached XP level 16. HP: 131/144 MP: 16/16
 29809 | D:13     | Bought a +0 cloak of poison resistance for 110 gold pieces
 30049 | Slime:1  | Gained mutation: You occasionally lose the ability to drink
                  | potions when taking damage. [a shining eye]
 30052 | Slime:1  | Lost mutation: You occasionally lose the ability to drink
                  | potions when taking damage. [potion of mutation]
 30052 | Slime:1  | Lost mutation: You are weak. (Str -2) [potion of mutation]
 30052 | Slime:1  | Gained mutation: You are agile. (Dex +4, Str/Int -1)
                  | [potion of mutation]
 30052 | Slime:1  | Gained mutation: You occasionally lose the ability to read
                  | scrolls when taking damage. [potion of mutation]
 30052 | Slime:1  | Gained mutation: Your mind is acute. (Int +4, Str/Dex -1)
                  | [potion of mutation]
 30053 | Slime:1  | Lost mutation: Your mind is acute. (Int +4, Str/Dex -1)
                  | [potion of mutation]
 30053 | Slime:1  | Lost mutation: You are agile. (Dex +4, Str/Int -1) [potion
                  | of mutation]
 30053 | Slime:1  | Gained mutation: You are agile. (Dex +4, Str/Int -1)
                  | [potion of mutation]
 30053 | Slime:1  | Gained mutation: You passively dampen the noise of your
                  | surroundings. [potion of mutation]
 30053 | Slime:1  | Gained mutation: Your mind is acute. (Int +4, Str/Dex -1)
                  | [potion of mutation]
 30054 | Slime:1  | Lost mutation: You occasionally lose the ability to read
                  | scrolls when taking damage. [potion of mutation]
 30054 | Slime:1  | Lost mutation: Your mind is acute. (Int +4, Str/Dex -1)
                  | [potion of mutation]
 30054 | Slime:1  | Gained mutation: Your movements are slightly less
                  | encumbered by armour. (ER -2) [potion of mutation]
 30054 | Slime:1  | Gained mutation: You are very agile. (Dex +8, Str/Int -2)
                  | [potion of mutation]
 30054 | Slime:1  | Gained mutation: You have sharp toenails. [potion of
                  | mutation]
 30356 | Snake:1  | Entered Level 1 of the Snake Pit
 30630 | Snake:1  | Noticed Aizul
 30632 | Snake:1  | Noticed Nikola
 31487 | Snake:2  | Found Ymyan's Weapon Shoppe.
 31908 | Snake:3  | Found Uhycenn's Weapon Shop.
 31908 | Snake:3  | Found Vaotor's Weapon Boutique.
 32361 | Snake:3  | Reached skill level 15 in Dodging
 33253 | Snake:3  | HP: 6/153 [poisoned by a naga mage (splash of poison)]
 33253 | Snake:3  | Killed from afar by a nagaraja

Illustrated notes

Levels and vault maps discovered:
D:1:      mrwooster_arrival_statue, layout_basic, serial_shops, shop, shop,
          shop_statue, chequers_serial_rivers_micro_d,
          dreamdust_princess_corridor
D:2:      layout_loops_ring, serial_shops, nicolae_shop_hallway_plus,
          shapermc_ecumenical_altar_petra, basic_altar, chequers_big_river
D:3:      layout_basic, amcnicky_altar_gilded, lemuel_round_altar, uniq_jessica
D:4:      layout_layer_cave, grunt_temple_overflow_open, lemuel_crystal_altar,
          lemuel_coloured_pillars_altar, minmay_misc_feat_iff,
          chequers_serial_rivers_micro_c, nicolae_kite_square_tiling_tiny,
          uniq_eustachio
D:5:      layout_loops_ring, mainiacjoe_overflow_alcove_1, uniq_blork_the_orc
D:6:      layout_basic, xom_butterflies, minmay_temple_entry_metal_lava,
          cheibrodos_sewer_entry_bend, serial_curves, eino_curves_04,
          eino_curves_04, uniq_sigmund, uniq_prince_ribbit1
D:7:      layout_loops_corners, mainiacjoe_overflow_24_doors,
          ebering_ghost_inner_flame
D:8:      wad_guarded_room, layout_basic, erik_lair_island, serial_shops,
          nicolae_shop_bloodbath_and_beyond
D:9:      layout_roguey, general_overflow_altar, nicolae_tso_carved_into_rock,
          minmay_fountain_box, abandoned_shop
D:10:     layout_small_grid, enter_bailey_2
D:11:     layout_basic, orc_0_dummy
D:12:     layout_basic, serial_bayou_pond_c
D:13:     layout_roguey, serial_shops, nicolae_shop_behind_doors,
          library_closet, fedhas_bush_and_centaur_altar, uniq_josephine
D:14:     layout_long_grid, skrybe_vaults_entry_preservation,
          nicolae_hepliaklqana_hazy_memory,
          minmay_the_grid_square_5x5_3x3_mashed
          [minmay_the_grid_square_5x5_checkered_sparse,
          minmay_the_grid_square_5x5_moneybag, minmay_the_grid_square_5x5_slash,
          minmay_the_grid_square_5x5_checkered,
          minmay_the_grid_square_5x5_megaprize_open,
          minmay_the_grid_square_5x5_z, minmay_the_grid_square_5x5_doubleslash,
          minmay_the_grid_square_5x5_hollow_slash,
          minmay_the_grid_square_5x5_plus], uniq_frances, uniq_snorg
D:15:     gammafunk_depths_entry_grave, layout_basic, nicolae_wwwww
Temple:   nicolae_temple_ecumenical_triangle
Lair:1:   layout_regular_city, enter_volcano_2
Lair:2:   layout_chaotic_city, dummy_snake_entry, uniq_fannar
Lair:3:   layout_roguey, elwin_shoals_entry_stream
Lair:4:   layout_regular_city, slime_entry_1, grunt_megastairs_3,
          lemuel_fruit_tree
Lair:5:   hellmonk_lair_end_abyssal_woods, layout_layer_cave,
          patterned_corridor, lemuel_fruit_fields
Snake:1:  layout_misc_corridors, minmay_shop_star, uniq_aizul, uniq_nikola
Snake:2:  layout_gridlike, serial_shops, nicolae_shop_statue_plus
Snake:3:  nicolae_cobra_stairs, layout_onion, special_room,
          nicolae_snake_boneroom, minmay_shoptagon
Slime:1:  layout_caves
Slime:2:  layout_caves
Slime:3:  layout_caves
Orc:1:    layout_caves, mines1_david
Orc:2:    kennysheep_orc_mage_school, layout_diamond_mine, serial_shops,
          bzr_entry_gold

Skill      XL: |  1  2  3  4  5  6  7  8  9 10 11 12 13 14 15 16 |
---------------+-------------------------------------------------+-----
Fighting       | 3 4 5 6 8 |  8.3
Unarmed Combat | 4 5 6 7 9 11 13 14 15 16 17 18 | 18.0
Dodging        | 2 5 6 9 13 15 | 15.0
Shields        | 1 5 6 7 |  7.0
Throwing       | 2 8 10 12 | 12.0
Armour         | 1 5 |  5.0
Spellcasting   | |  1.0
Fire Magic     | |  2.1

Action                   |  1- 3 |  4- 6 |  7- 9 | 10-12 | 13-15 | 16-18 || total
-------------------------+-------+-------+-------+-------+-------+-------++-------
Melee: Unarmed           |    89 |   129 |   194 |   645 |  1388 |   426 ||  2871
       Punch             |     2 |     2 |       |       |       |       ||     4
       Kick              |       |       |       |       |       |   164 ||   164
Throw: Stone             |     4 |     6 |       |       |       |       ||    10
       Boomerang         |       |       |     2 |       |   119 |     2 ||   123
       Large rock        |       |       |       |    19 |    23 |    25 ||    67
       Javelin           |       |       |       |       |    10 |     7 ||    17
       Dart              |       |       |       |       |    38 |       ||    38
Invok: Foxfire Swarm     |       |     3 |     2 |       |       |       ||     5
       Fiery Armour      |       |       |     2 |     1 |       |     1 ||     4
       Rising Flame      |       |       |       |       |       |     1 ||     1
Evoke: Wand              |       |       |     6 |    22 |    10 |     3 ||    41
  Use: Scroll            |     1 |    11 |     6 |     7 |     9 |     6 ||    40
       Potion            |       |       |     1 |     4 |     1 |     6 ||    12
 Stab: Invisible         |       |       |       |       |     1 |       ||     1
       Sleeping          |       |       |       |       |       |     1 ||     1
Armor: Robe              |    28 |    39 |    77 |    23 |       |       ||   167
       Steam dragon scal |       |       |       |   120 |   190 |       ||   310
       Troll leather arm |       |       |       |       |   235 |    85 ||   320
Dodge: Dodged            |    24 |    54 |    86 |   189 |   470 |   289 ||  1112
Block: Kite shield       |       |       |    28 |   241 |   518 |   233 ||  1020
